 Dungeon Crawl Stone Soup version 0.30.1-4-g462c640d31 (console) character file.

Game seed: 6147746286162308948

3020 shmup the Transmogrifier (level 9, -1/68 HPs)
             Began as a Red Draconian Transmuter on Aug 28, 2023.
             Was a Follower of Nemelex Xobeh.
             Slain by a manticore (11 damage)
             ... on level 7 of the Dungeon.
             The game lasted 00:38:06 (7329 turns).

shmup the Transmogrifier (Red Draconian Transmuter) Turns: 7329, Time: 00:38:06

Health: -1/68      AC:  8    Str: 19    XL:     9   Next: 55%
Magic:  11/12      EV: 13    Int: 18    God:    Nemelex Xobeh [*.....]
Gold:   395        SH:  0    Dex: 11    Spells: 4/12 levels left

rFire   + .          .
                       - Unarmed
rCold   . . .        (no shield)
rNeg    . . .        (body armour unavailable)
rPois   .            (helmet currently unavailable)
rElec   .            (no cloak)
rCorr   .            e - +0 pair of gloves
SInv    .            (boots currently unavailable)
Will    .....        v - amulet of regeneration
Stlth   +            r - +6 ring of strength
HPRegen 1.11/turn    (no ring)
MPRegen 0.13/turn

%: no passive effects
@: mighty, appendages
A: horns 2, talons 2, breathe fire, AC +7, unfitting armour, fire resistance 1,
cold-blooded
a: Breathe Fire, End Transformation, Renounce Religion, Draw Escape, Draw
Destruction, Draw Summoning


You were on level 7 of the Dungeon.
You worshipped Nemelex Xobeh.
Nemelex Xobeh was aware of your devotion.
You had temporarily grown beastly horns and talons.
You visited 1 branch of the dungeon, and saw 7 of its levels.
You also visited: Ossuary.

You collected 395 gold pieces.

Inventory:

Hand Weapons
 m - a +3 short sword of flaming
 n - a +0 whip
 o - a +0 flail
 s - a +3 long sword of distortion
Missiles
 d - 48 stones (quivered)
 l - 6 poisoned darts
 B - 2 boomerangs
Armour
 e - a +0 pair of gloves (worn)
Jewellery
 r - a +6 ring of strength (left hand)
 v - an amulet of regeneration (around neck)
Wands
 q - a wand of paralysis (6)
 x - a wand of flame (26)
Scrolls
 f - 2 scrolls of poison
 g - a scroll of teleportation
 h - a scroll of noise
 y - a scroll of brand weapon
 C - a scroll of silence {unknown}
 D - a scroll of enchant armour {unknown}
Potions
 a - 2 potions of lignification
 b - 2 potions of might
 c - a potion of invisibility {unknown}
 i - a potion of brilliance
 j - 3 potions of flight
 k - a potion of mutation {unknown}
 p - 2 potions of curing
 t - a potion of cancellation {unknown}
 u - 4 potions of heal wounds {unknown}
 w - 4 potions of attraction {unknown}
 z - 2 potions of degeneration {unknown}
 A - 2 potions of ambrosia {unknown}


   Skills:
 - Level 2.8 Fighting
 - Level 4.2 Dodging
 - Level 8.0 Unarmed Combat
 - Level 2.0 Spellcasting
 + Level 10.2 Transmutations


You had 4 spell levels left.
You knew the following spells:

 Your Spells              Type           Power      Damage    Failure   Level
a - Beastly Appendage     Tmut           76%        N/A       1%          1
b - Wereblood             Tmut           38%        N/A       1%          2
c - Passwall              Tmut/Erth      16%        N/A       3%          2
d - Spider Form           Tmut/Pois      20%        N/A       7%          3

Your spell library contained the following spells:

 Spells                   Type           Power      Damage    Failure   Level
 Magic Dart               Conj           4%         1d3       19%         1
 Sandblast                Erth           2%         2d4       19%         1
 Ice Form                 Ice/Tmut       20%        N/A       22%         4
 Petrify                  Tmut/Erth      20%        N/A       22%         4
 Blink                    Tloc           2%         N/A       26%         2
 Cigotuvi's Dreadful Rot  Necr/Pois/Air  2%         N/A       26%         2
 Poisonous Vapours        Pois/Air       2%         N/A       26%         2
 Searing Ray              Conj           2%         2d4       26%         2
 Hailstorm                Conj/Ice       1%         3d3       47%         3
 Mephitic Cloud           Conj/Pois/Air  1%         N/A       47%         3
 Stone Arrow              Conj/Erth      2%         3d7       47%         3
 Dispel Undead            Necr           1%         3d6       87%         4
 Fulminant Prism          Conj/Hex       0%         3d5       87%         4
 Manifold Assault         Tloc           1%         N/A       87%         4
 Statue Form              Tmut/Erth      13%        N/A       98%         6
 Freezing Cloud           Conj/Ice/Air   0%         6-21      99%         5
 Metabolic Englaciation   Hex/Ice        0%         N/A       99%         5
 Death Channel            Necr           0%         N/A       100%        6
 Simulacrum               Ice/Necr       0%         N/A       100%        6
 Storm Form               Tmut/Air       10%        N/A       100%        7


Dungeon Overview and Level Annotations

Branches:
Dungeon (7/15) Zot: 26347  Temple (0/1) D:5         Ossuary (visited)

Altars:
Gozag
Hepliaklqana
Nemelex Xobeh
Okawaru
Qazlal
Uskayaw
Vehumet
Xom

Annotations:
D:1 exclusion: downstairs
D:4 exclusion: downstairs
D:5 Menkaure
D:6 exclusion: downstairs


Innate Abilities, Weirdness & Mutations

You have temporarily grown beastly horns and talons.
You can breathe blasts of fire.
Your fiery red scales are hard. (AC +7)
You cannot fit into any form of body armour.
Your flesh is heat resistant. (rF+)
You are cold-blooded and may be slowed by cold attacks.


Message History

A manticore is nearby!
Casting: Beastly Appendage (safe; 1% risk of failure)
Confirm with . or Enter, or press ? or * to list all spells.
You grow a pair of large bovine horns.
Your feet morph into talons.
The manticore bites you! The manticore claws you.
The manticore claws you but does no damage.
You punch the manticore! You claw the manticore.
Your tail-slap misses the manticore.
The manticore is moderately wounded.
The manticore bites you!!
* * * LOW HITPOINT WARNING * * *
The manticore claws you.
* * * LOW HITPOINT WARNING * * *
The manticore closely misses you.
You feel very mighty all of a sudden. The manticore bites you!
* * * LOW HITPOINT WARNING * * *
The manticore claws you!
* * * LOW HITPOINT WARNING * * *
The manticore closely misses you.
Unknown command.
You barely miss the manticore. You claw the manticore!
You headbutt the manticore!
The manticore is heavily wounded.
You punch the manticore! Your kick misses the manticore.
Your tail-slap misses the manticore.
The manticore is severely wounded.
The manticore completely misses you. The manticore misses you.
The manticore barely misses you.
You barely miss the manticore. Your kick misses the manticore.
You tail-slap the manticore.
The manticore is severely wounded.
The manticore barely misses you. The manticore claws you!
* * * LOW HITPOINT WARNING * * *
The manticore claws you but does no damage.
You closely miss the manticore. Your kick misses the manticore.
The manticore is severely wounded.
The manticore bites you!
You die...
Your body disappears without a glow.

▒▒▒▒▒▒.▒..▒ ▒▒...▒ ▒▒ ▒ ▒.▒▒.▒
▒...▒ ▒▒▒.
▒▒▒▒▒▒.▒▒.▒▒▒▒▒▒▒..▒▒▒▒ ▒...
..............▒▒▒.......▒▒▒▒▒▒.▒▒
▒▒▒.%.......................)))▒
▒...............▒.....▒▒▒...▒▒▒
▒..............▒▒.....▒▒..▒▒▒
▒..............▒▒▒..▒....▒▒
▒.............Hd.▒......▒▒
▒...>..........▒.▒.....▒▒
▒▒...)........▒▒.▒......▒
▒▒...........▒▒......▒▒▒
▒▒▒▒.▒▒▒▒▒▒▒▒▒.▒▒▒.....▒
.(..)▒▒▒▒ ▒.▒...▒▒▒▒▒
........▒▒▒▒▒▒.▒.▒▒▒ ▒▒▒ ▒▒▒▒
▒▒▒▒▒▒▒........▒)▒▒▒▒▒.▒ ...▒▒▒
.........▒▒▒▒▒.........▒▒▒▒....▒


You could see a manticore.

Vanquished Creatures
  Pikel (D:5)
  Prince Ribbit (D:7)
  Edmund (D:5)
  An orc warrior (D:7)
  2 ice beasts
  A black bear (D:4)
  2 ogres
  An elf zombie (Ossuary)
  2 phantoms
  A bullfrog (D:7)
  2 scorpions
  A water moccasin zombie (D:3)
  3 wights (D:6)
  8 howler monkeys
  2 centaur zombies (Ossuary)
  2 orc priests
  2 hounds
  A gnoll bouda (D:6)
  2 iguanas
  2 sleepcaps
  4 orc wizards
  2 scorpion zombies (D:3)
  3 hound zombies (D:3)
  3 hound skeletons (D:3)
  2 mummies (Ossuary)
  7 gnolls
  3 adders
  A shadow imp (D:7)
  A white imp (D:7)
  An ufetubus (D:5)
  5 adder zombies
  4 adder skeletons (D:3)
  12 orcs
  4 bats
  4 endoplasms
  A giant cockroach (D:2)
  3 goblins
  6 hobgoblins
  5 kobolds
  4 quokkas
  9 ball pythons
  2 frilled lizards
  2 goblin zombies
  7 hobgoblin zombies (Ossuary)
  A jackal zombie (Ossuary)
  12 kobold zombies (Ossuary)
  7 orc zombies (Ossuary)
  A quokka skeleton (D:3)
  A quokka zombie (D:6)
  4 rats
  4 rat zombies (Ossuary)
163 creatures vanquished.

Vanquished Creatures (others)
  An orc wizard (D:4)
1 creature vanquished.

Grand Total: 164 creatures vanquished

Notes
Turn   | Place    | Note
-------+----------+-------------------------------------------
     0 | D:1      | shmup the Draconian Transmuter began the quest for the Orb.
     0 | D:1      | Reached XP level 1. HP: 16/16 MP: 3/3
   278 | D:1      | Reached XP level 2. HP: 23/23 MP: 3/5
   935 | D:1      | Reached XP level 3. HP: 23/28 MP: 4/6
   959 | D:1      | Learned a level 2 spell: Wereblood
  1116 | D:2      | Reached skill level 3 in Transmutations
  1674 | D:3      | Reached XP level 4. HP: 30/35 MP: 3/7
  1854 | D:3      | Reached XP level 5. HP: 38/42 MP: 5/8
  2260 | D:3      | Reached XP level 6. HP: 48/50 MP: 7/9
  2339 | D:3      | Found an opulent altar of Gozag.
  2610 | D:4      | Reached skill level 4 in Transmutations
  3515 | D:4      | Your scales start taking on a fiery red colour.
  3515 | D:4      | Reached XP level 7. HP: 56/56 MP: 6/10
  3515 | D:4      | Gained mutation: Your flesh is heat resistant. (rF+) [Red
                  | Draconian growth]
  3686 | D:4      | Reached skill level 5 in Transmutations
  3897 | D:4      | Found a sparkling altar of Nemelex Xobeh.
  3901 | D:4      | Became a worshipper of Nemelex Xobeh the Trickster
  3909 | D:4      | Found an iron altar of Okawaru.
  3924 | D:4      | Found a hide-covered altar of Uskayaw.
  3939 | D:4      | Found a radiant altar of Vehumet.
  3950 | D:4      | Found a shimmering altar of Xom.
  3957 | D:4      | Found a hazy altar of Hepliaklqana.
  3962 | D:4      | Found a stormy altar of Qazlal.
  4039 | D:5      | Entered Level 5 of the Dungeon
  4118 | D:5      | Reached skill level 5 in Unarmed Combat
  4223 | D:5      | Learned a level 2 spell: Passwall
  4293 | D:5      | Noticed Edmund
  4414 | D:5      | Noticed Pikel
  4464 | D:5      | Killed Pikel
  4465 | D:5      | Reached skill level 7 in Transmutations
  4465 | D:5      | Reached XP level 8. HP: 42/62 MP: 9/11
  4615 | D:5      | Noticed Menkaure
  4870 | D:5      | Found a staircase to the Ecumenical Temple.
  5332 | D:5      | Killed Edmund
  5516 | D:6      | Reached skill level 8 in Transmutations
  5810 | D:6      | Found a sand-covered staircase.
  5818 | Ossuary  | Entered an ossuary
  6113 | D:6      | Reached XP level 9. HP: 66/68 MP: 10/12
  6410 | D:6      | Reached skill level 9 in Transmutations
  6645 | D:6      | Learned a level 3 spell: Spider Form
  6721 | D:7      | Reached * piety under Nemelex Xobeh
  6731 | D:7      | Noticed a manticore
  6906 | D:7      | Noticed Prince Ribbit
  7025 | D:7      | Killed Prince Ribbit
  7026 | D:7      | Reached skill level 10 in Transmutations
  7116 | D:7      | Received a gift from Nemelex Xobeh
  7329 | D:7      | Slain by a manticore

Illustrated notes

Levels and vault maps discovered:
D:1:      shiori_arrival_whats_in_store_for_you, layout_loops_ring
D:2:      layout_rooms
D:3:      layout_rooms, lemuel_coloured_pillars_altar, serial_undead,
          serial_undead_f, serial_undead_a, serial_undead_b, serial_undead_f,
          serial_undead_f, serial_undead_d, serial_undead_c, serial_undead_d,
          serial_undead_e, serial_undead_f
D:4:      layout_basic, grunt_temple_overflow_octagram
D:5:      layout_basic, minmay_temple_entry_statues_fountains, uniq_pikel,
          uniq_menkaure, uniq_edmund
D:6:      layout_basic, serial_curves, eino_curves_02, eino_curves_01,
          enter_ossuary_4, chequers_serial_rivers_micro_e
D:7:      layout_rooms, kennysheep_cross_room, nrook_loot_triangle,
          dk_vineyard_1, uniq_prince_ribbit1

Skill      XL: |  1  2  3  4  5  6  7  8  9 |
---------------+----------------------------+-----
Transmutations | 3 4 7 8 10 | 10.2
Dodging        | 2 3 4 |  4.2
Fighting       | 2 |  2.8
Unarmed Combat | 4 6 7 8 |  8.0
Spellcasting   | |  2.0

Action                     |  1- 3 |  4- 6 |  7- 9 || total
---------------------------+-------+-------+-------++-------
  Melee: Unarmed           |    88 |   160 |   352 ||   600
         Kick              |    14 |    36 |    84 ||   134
         Tailslap          |    10 |    18 |    53 ||    81
         Headbutt          |     8 |    23 |    52 ||    83
         Punch             |     3 |     4 |    13 ||    20
  Throw: Stone             |     2 |       |       ||     2
         Dart              |       |       |     2 ||     2
   Cast: Beastly Appendage |    20 |    26 |    42 ||    88
         Wereblood         |     3 |     5 |     7 ||    15
         Spider Form       |       |       |     1 ||     1
  Evoke: Wand              |       |       |     1 ||     1
    Use: Scroll            |       |     8 |     5 ||    13
         Potion            |       |     4 |     4 ||     8
   Stab: Sleeping          |     1 |       |       ||     1
         Paralysed         |       |       |     5 ||     5
 Armour: Skin              |    29 |    62 |    92 ||   183
  Dodge: Dodged            |    55 |   106 |   184 ||   345
